cohdb
Replays
Latest Replays
All Replays
Popular Replays
Top Player Replays
Match Explorer
How It Works
Community
CoH3 Stats
Reddit
Sign in to upload your games and track your stats! →
Sign in with Steam
Match 41704926
Unlisted
Match 41704926
Overview
Messages
Build Orders
End
Kettenkrad Recon Vehicle
Construct Infanterie Kompanie
MG 42 Machine Gun Team
Grenadier Squad
GrW 34 Mortar Team
Construct Panzergrenadier Kompanie
Panzergrenadier Squad
251 Medium Carrier
Pak 40 Anti-tank Gun Team
Selects Mechanized Battlegroup
Selects Raid Package
Panzergrenadier Squad
Animal Mother
El Pollo
Disarmed
Unsafe
Wyl
⁂ ☢ [12thGGR]HL008 ☢ ⁂
Protek
PETAMENOS
0
0
Comments
sign in to comment!
No comments posted yet!